 Dungeon Crawl Stone Soup version 0.13.1-2-gfb2c2b7 (webtiles) character file.

46 Mitsuki the Ducker (level 3, -2/16 HPs)
             Began as a Felid Monk on Dec 2, 2013.
             Slain by Terence
             ... wielding a +0,+0 mace
              (9 damage)
             ... on Level 3 of the Dungeon.
             The game lasted 00:09:03 (1588 turns).

Mitsuki the Ducker (Felid Monk)                     Turns: 1588, Time: 00:09:04

HP  -2/16        AC  1     Str  8      XL: 3   Next: 17%
MP   4/4         EV 21     Int 11      God:
Gold 11          SH  0     Dex 18      Spells:  0 memorised,  2 levels left
Lives: 0, deaths: 0

Res.Fire  : . . .   See Invis. : +     - Unarmed
Res.Cold  : . . .   Warding    : .   (armour unavailable)
Life Prot.: . . .   Conserve   : .   (shield unavailable)
Res.Poison: .       Res.Corr.  : .   (helmet unavailable)
Res.Elec. : .       Clarity    : .   (cloak unavailable)
Sust.Abil.: . .     Spirit.Shd : .   (gloves unavailable)
Res.Mut.  : .       Rnd.Telep. : +   (boots unavailable)
Res.Rott. : .       Flight     : .   (no amulet)
Saprovore : . . .                    f - cursed ring of teleportation
                                     a - +1 ring of evasion

@: quick, slightly resistant to hostile enchantments, quite stealthy
A: paw claws, no armour, no advanced items, fangs 3, see invisible, carnivore 3,
speed 1, slow metabolism 1, AC +1
a: Evoke Teleportation


You were on level 3 of the Dungeon.
You were full.

You visited 1 branch of the dungeon, and saw 3 of its levels.

You collected 11 gold pieces.

Inventory:

Comestibles
 b - 4 meat rations
 t - a chunk of adder flesh
 u - a chunk of goblin flesh
Scrolls
 c - a scroll of teleportation
 g - a scroll of recharging {unknown}
 h - a scroll of amnesia {unknown}
 i - a scroll of identify {unknown}
 n - a scroll of enchant weapon II {unknown}
 o - a scroll of blinking {unknown}
 s - a scroll of enchant weapon I {unknown}
 v - a scroll of remove curse {unknown}
Jewellery
 a - a +1 ring of evasion (left paw)
 f - a cursed ring of teleportation (right paw)
 q - an uncursed ring of magical power
Potions
 d - 4 potions of curing {unknown}
 e - 2 potions of magic {unknown}
 j - a potion of might {unknown}
 k - a potion of mutation {unknown}
 l - a potion of paralysis {unknown}
 m - a potion of cure mutation {unknown}
 p - a potion of heal wounds {unknown}
 r - a potion of degeneration {unknown}


   Skills:
 + Level 2.2 Fighting
 + Level 4.9 Dodging
 + Level 2.6 Stealth
 + Level 3.5 Unarmed Combat


You had 2 spell levels left.
You didn't know any spells.

Dungeon Overview and Level Annotations

Branches:
Dungeon (3/27)

Altars:

Annotations:
D:3 Terence


Innate Abilities, Weirdness & Mutations

You cannot wear armour.
You are incapable of any advanced item manipulation.
Your paws have sharp claws.
You have razor-sharp teeth.
You have supernaturally acute eyesight.
You are carnivorous and can eat meat at any time.
You cover ground quickly.
You are covered in fur (AC +1).
You have a slow metabolism.


Message History

There is a shaft here.
You fall through a shaft!
The shaft crumbles and collapses.
Terence comes into view.
He is wielding a mace.
Press: ? - help, v - describe, . - travel
Here: Terence, wielding a mace and wearing an elven scale mail (resting)
The floor.
The helpless Terence fails to defend himself.
You scratch Terence.
Terence begins to bleed from his wounds!
Terence is lightly wounded.
Terence barely misses you.
You closely miss Terence.
Terence is lightly wounded.
Terence hits you with a mace!
You barely miss Terence. You claw Terence.
Terence is moderately wounded.
Terence hits you with a mace!
Ouch! That really hurt!
You die... ###### +..@@+ ######

You could see Terence (bleeding).

Vanquished Creatures
  An adder (D:2)
  A giant gecko (D:1)
  2 ball pythons (D:2)
  4 bats
  3 hobgoblins
  5 goblins
  9 kobolds
25 creatures vanquished.

Notes
Turn   | Place    | Note
--------------------------------------------------------------
     0 | D:1      | Mitsuki, the Felid Monk, began the quest for the Orb.
     0 | D:1      | Reached XP level 1. HP: 9/9 MP: 1/1
   355 | D:1      | Reached XP level 2. HP: 8/13 MP: 2/2
  1556 | D:2      | Reached XP level 3. HP: 13/16 MP: 4/4
  1583 | D:2      | You fall through a shaft!
  1583 | D:3      | Noticed Terence
  1588 | D:3      | Slain by Terence

Action                   || total
-------------------------++-------
Melee: Unarmed           ||    71
  Use: Scroll            ||     1
 Stab: Sleeping          ||     4
